 Dungeon Crawl Stone Soup version 0.32-a0-834-geaf45d8e21 (webtiles) character file.

Game seed: 4739206516611610667

14 Goblin1989 the Sneak (level 2, 0/22 HPs)
             Began as a Demonspawn Brigand on Mar 25, 2024.
             Slain by Terence
             ... wielding a +2 hand axe of electrocution
              (19 damage)
             ... on level 2 of the Dungeon.
             The game lasted 00:01:22 (607 turns).

Goblin1989 the Sneak (Demonspawn Brigand)            Turns: 607, Time: 00:01:23

Health: 0/22       AC:  5    Str: 11    XL:     2   Next: 31%
Magic:  2/2        EV: 10    Int: 11    God:
Gold:   75         SH:  0    Dex: 14    Spells: 1/1 levels left

rFire   . . .        b - +2 short sword (freeze)
rCold   . . .        (no shield)
rNeg    . . .        l - +0 robe
rPois   .            (no helmet)
rElec   .            c - +0 cloak
rCorr   .            (no gloves)
SInv    .            (no boots)
Will    .....        (no amulet)
Stlth   +++          (no ring)
HPRegen 0.23/turn    (no ring)
MPRegen 0.08/turn

%: no passive effects
@: no status effects
A: yellow scales 1
a: no special abilities


You were on level 2 of the Dungeon.
You visited 1 branch of the dungeon, and saw 2 of its levels.

You collected 75 gold pieces.

Inventory:

Hand Weapons
 a - a +2 dagger
 b - a +2 short sword of freezing (weapon)
Missiles
 d - 9 poisoned darts (quivered)
 e - 3 curare-tipped darts
 g - 17 stones
Armour
 c - a +0 cloak (worn)
 l - a +0 robe (worn)
Scrolls
 h - 2 scrolls of identify {unknown}
 j - 2 scrolls of teleportation {unknown}
Potions
 f - a potion of attraction {unknown}
 i - 2 potions of curing {unknown}
 k - a potion of enlightenment {unknown}


   Skills:
 - Level 2.0 Fighting
 + Level 2.3 Short Blades
 - Level 1.7 Throwing
 - Level 0.8 Dodging
 + Level 4.0 Stealth


You had one spell level left.
You didn't know any spells.
Your spell library contained the following spells:

 Spells                   Type           Power      Damage    Failure   Level
 Call Imp                 Summ           0%         N/A       47%         2
 Sublimation of Blood     Necr           0%         N/A       47%         2
 Summon Hydra             Summ           0%         N/A       100%        7


Dungeon Overview and Level Annotations

Branches:
Dungeon (2/15) Zot: 11396

Altars:

Annotations:
D:2 Terence


Innate Abilities, Weirdness & Mutations

You are partially covered in yellow scales. (AC +2)


Message History

You are too injured to fight recklessly!
You are too injured to fight recklessly!
A ball python is nearby!
Unknown command.
You are too injured to fight recklessly!
You are too injured to fight recklessly!
You are too injured to fight recklessly!
You are too injured to fight recklessly!
You are too injured to fight recklessly!
You are too injured to fight recklessly!
You are too injured to fight recklessly!
You are too injured to fight recklessly!
You are too injured to fight recklessly!
You hit the ball python.
You kill the ball python!
Your Stealth skill increases to level 4!
Found a scroll labelled POAXIM UWUJYWAIC.
j - 2 scrolls labelled POAXIM UWUJYWAIC (gained 1)
k - a metallic emerald potion Health restored: 22 A kobold comes into view.
It is wielding a +2 short sword of freezing.
A kobold is nearby!
A kobold is nearby!
No target in view!
No target in view!
No target in view!
No target in view!
No target in view!
No target in view!
No target in view!
No target in view!
No target in view!
No target in view!
No target in view!
No target in view!
No target in view!
No target in view!
No target in view!
No target in view!
No target in view!
No target in view!
No target in view!
No target in view!
No target in view!
Found an orange potion.
You strike the helpless kobold from behind!
You puncture the kobold!
You kill the kobold!
No target in view!
No target in view!
No target in view!
No target in view!
No target in view!
No target in view!
No target in view!
No target in view!
No target in view!
No target in view!
No target in view!
No target in view!
No target in view!
No target in view!
No target in view!
No target in view!
No target in view!
No target in view!
No target in view!
No target in view!
No target in view!
g - 17 stones (gained 6)
Things that are here:
a +2 short sword of freezing; a kobold corpse
l - a +2 short sword of freezing Your +2 short sword of freezing glows with a cold blue light!
l - a +2 short sword of freezing (weapon)
Adjust (i)tems, (s)pells, or (a)bilities?
l - a +2 short sword of freezing (weapon)
Adjust to which letter? (? for menu, Esc to quit)
b - a +2 short sword of freezing (weapon)
l - a +0 robe (worn)
i - 2 orange potions (gained 1)
You see here a rat skeleton.
Found a stone staircase leading down.
Done exploring.
Done exploring.
No target in view!
There is a stone staircase leading down here.
You climb downwards.
There is a stone staircase leading up here.
Terence is nearby!
The helpless Terence fails to defend himself.
You puncture Terence! You freeze Terence.
Terence is almost dead.
You hit Terence but do no damage.
Terence is almost dead.
Terence hits you with a +2 hand axe of electrocution.
You are electrocuted!!
Ouch! That really hurt!
You die...
Terence says, "Rest in peace."

██ .. .█ .█
.█
█.███.█████
█..@@.....█
█████.█████
... ...█
██... ██..
█.. ..


You could see Terence.

Vanquished Creatures
  A bat (D:1)
  A hobgoblin (D:1)
  2 jackals (D:1)
  5 kobolds (D:1)
  A quokka (D:1)
  2 ball pythons (D:1)
  2 rats (D:1)
14 creatures vanquished.

Notes
Turn   | Place    | Note
-------+----------+-------------------------------------------
     0 | D:1      | Goblin1989 the Demonspawn Brigand began the quest for the
                  | Orb.
     0 | D:1      | Reached XP level 1. HP: 16/16 MP: 1/1
   377 | D:1      | Gained mutation: You are partially covered in yellow
                  | scales. (AC +2) [demonic ancestry]
   377 | D:1      | Reached XP level 2. HP: 19/22 MP: 2/2
   447 | D:1      | Reached skill level 4 in Stealth
   605 | D:2      | Noticed Terence
   607 | D:2      | Slain by Terence

Illustrated notes

Levels and vault maps discovered:
D:1:      dpeg_arrival_boxes_within_box, layout_rooms, reono_crystal_passage
D:2:      layout_basic, uniq_sigmund, uniq_terence, uniq_robin

Skill      XL: |  1  2 |
---------------+-------+-----
Short Blades   | 2 |  2.3
Stealth        | 4 |  4.0
Fighting       | |  2.0
Throwing       | |  1.7
Dodging        | |  0.8

Action                     || total
---------------------------++-------
  Melee: Dagger            ||    41
         Short sword       ||     2
   Stab: Sleeping          ||     2
         Distracted        ||     1
 Armour: Robe              ||    31
  Dodge: Dodged            ||    27

Table legend: (Time is in decaauts)
 A = Elapsed time spent in this place.
 B = Non-inter-level travel time spent in this place.
 C = Inter-level travel time spent in this place.
 D = Time resting spent in this place.
 E = Time spent auto-exploring this place.
 F = Levels seen in this place.
 G = Mean time per level.
                   A        B        C        D        E       F      G
               +--------+--------+--------+--------+--------+-----+--------+
         Total |    602 |    595 |      7 |      0 |    480 |   2 |  301.0 |
       Dungeon |    602 |    595 |      7 |      0 |    480 |   2 |  301.0 |
               +--------+--------+--------+--------+--------+-----+--------+

Top non-repeatable levels by time:
     D:1: 600 daAuts
     D:2: 1 daAuts
